 Dungeon Crawl Stone Soup version 0.23-a0-554-gd3cbc8420a (webtiles) character file.

214974 Flugkiller the Convoker (level 17, -14/138 HPs)
             Began as a Mummy Summoner on Dec 10, 2018.
             Was an Initiate of Gozag.
             Demolished by a vault guard
             ... wielding a +0 battleaxe
             ... led by a vault warden
              (29 damage)
             ... while paralysed by a sphinx
             ... on level 2 of the Vaults.
             The game lasted 02:10:23 (67740 turns).

Flugkiller the Convoker (Mummy Summoner)           Turns: 67740, Time: 02:10:24

Health: -14/138    AC: 14    Str: 15    XL:     17   Next: 86%
Magic:  9/29       EV:  2    Int: 25    God:    Gozag
Gold:   4936       SH:  0    Dex: 14    Spells: 6/32 levels left

rFire    + . .     SeeInvis +   a - +5 war axe of Udghargh {freeze, rPois rF+}
rCold    + . .     Gourm    .   v - +2 buckler
rNeg     + + +     Faith    .   F - +1 leather armour {rF+}
rPois    ∞         Spirit   .   M - +0 helmet of Ifoddan {Dex+2} (curse)
rElec    .         Reflect  +   S - +2 cloak of the Thief {+Fog Slay-2 SInv Stlth+}
rCorr    .         Harm     .   R - +2 pair of gloves
MR       ++...                  K - +0 pair of boots
Stlth    +++.......             J - +5 amulet of reflection
HPRegen  0.33/turn              q - +5 ring of intelligence
MPRegen  0.21/turn              x - ring "Qoawouv" {+Blink EV+6 Str+2}

@: paralysed, gold aura, slowed
A: no food or potions, fire vulnerability, cold resistance 1, negative energy
resistance 3, torment resistance, unbreathing, in touch with death 1
}: 2/15 runes: decaying, serpentine
a: Potion Petition, Call Merchant, Bribe Branch, Renounce Religion, Evoke Blink,
Evoke Fog


You were on level 2 of the Vaults.
You worshipped Gozag.
Gozag was most pleased with you.
You were not hungry.

You visited 6 branches of the dungeon, and saw 33 of its levels.

You collected 15214 gold pieces.
You spent 4094 gold pieces at shops.
You paid 6184 gold pieces to Gozag.

Inventory:

Hand Weapons
 a - the +5 war axe of Udghargh (weapon) {freeze, rPois rF+}
   (You found it on level 5 of the Dungeon)

   It has been specially enchanted to freeze those struck by it, causing extra
   injury to most foes and up to half again as much damage against particularly
   susceptible opponents.
   It can also slow down cold-blooded creatures.
   It protects you from fire.
   It protects you from poison.
 Q - a +0 broad axe
   (You took it off a skeletal warrior on level 15 of the Dungeon)
Missiles
 c - 2 throwing nets (quivered)
 l - 5 curare-tipped needles
Armour
 v - a +2 buckler (worn)
   (You found it on level 7 of the Dungeon)
 E - +0 ice dragon scales
   (You bought it in a shop on level 1 of the Lair of Beasts)
 F - a +1 leather armour of fire resistance (worn)
   (You took it off an orc on level 11 of the Dungeon)
 I - the +0 buckler of Mibobb Imuic {rF+}
   (You found it on level 13 of the Dungeon)

   It protects you from fire.
 K - a +0 pair of boots (worn)
   (You found it on level 13 of the Dungeon)
 M - the cursed +0 helmet of Ifoddan (worn) {Dex+2}
   (You bought it in a shop on level 2 of the Orcish Mines)

   It affects your dexterity (+2).
   It has a curse placed upon it.
 R - a +2 pair of gloves (worn)
   (You found it on level 3 of the Swamp)
 S - the +2 cloak of the Thief (worn) {+Fog Slay-2 SInv Stlth+}
   (You bought it in a shop on level 1 of the Lair of Beasts)

   It affects your accuracy and damage with ranged weapons and melee attacks
   (-2).
   It lets you see invisible.
   It makes you more stealthy.
Magical Staves
 b - an uncursed staff of summoning
   (You found it on level 4 of the Swamp)
 z - an uncursed staff of power
   (You found it on level 11 of the Dungeon)
Jewellery
 d - the amulet of Xom's Sleight of Hands {Inacc rF++}
   (You bought it in a shop on level 1 of the Lair of Beasts)

   [amulet of inaccuracy]

   It reduces the accuracy of all your attacks.
   It greatly protects you from fire.
 q - a +5 ring of intelligence (left hand)
   (You found it on level 1 of the Dungeon)
 x - the ring "Qoawouv" (right hand) {+Blink EV+6 Str+2}
   (You bought it in a shop on level 1 of the Lair of Beasts)

   [ring of evasion]

   It affects your evasion (+6).
   It affects your strength (+2).
   It lets you blink.
 A - an uncursed ring of magical power
   (You found it on level 11 of the Dungeon)
 J - a +5 amulet of reflection (around neck)
   (You found it on level 13 of the Dungeon)
Wands
 j - a wand of acid (11)
   (You took it off a hobgoblin on level 3 of the Dungeon)
 n - a wand of digging (5)
   (You found it on level 2 of the Lair of Beasts)
 o - a wand of disintegration (23)
   (You found it on level 4 of the Dungeon)
 s - a wand of polymorph (22)
   (You found it on level 8 of the Dungeon)
 y - a wand of clouds (4)
   (You found it on level 14 of the Dungeon)
 B - a wand of paralysis (10)
   (You found it on level 1 of the Lair of Beasts)
 G - a wand of enslavement (19)
   (You found it on level 5 of the Lair of Beasts)
 O - a wand of flame (7)
   (You found it on level 1 of the Swamp)
 P - a wand of iceblast (7)
   (You took it off a crimson imp on level 15 of the Dungeon)
 T - a wand of scattershot (3)
   (You found it on level 1 of the Vaults)
Scrolls
 e - 10 scrolls of enchant weapon
 f - 6 scrolls of amnesia
 g - 10 scrolls of teleportation
 h - 2 scrolls of fog
 i - 5 scrolls of immolation
 k - 9 scrolls of identify
 m - 2 scrolls of fear
 r - 3 scrolls of torment
 t - a scroll of blinking
 u - 10 scrolls of remove curse
 w - a scroll of magic mapping
 C - 3 scrolls of summoning
 H - 6 scrolls of enchant armour
 L - a scroll of silence
 N - 2 scrolls of vulnerability
Miscellaneous
 p - a phial of floods
   (You found it on level 6 of the Lair of Beasts)
 D - a box of beasts
 U - a phantom mirror


   Skills:
 + Level 13.6 Fighting
 - Level 12.0 Axes
 + Level 8.2 Armour
 + Level 10.4 Dodging
 - Level 1.5 Stealth
 - Level 4.0 Shields
 - Level 8.0 Spellcasting
 - Level 6.1 Hexes
 - Level 16.0 Summonings
 - Level 4.0 Ice Magic
 - Level 4.0 Air Magic
 - Level 5.0 Evocations


You had 6 spell levels left.
You knew the following spells:

 Your Spells              Type           Power        Failure   Level  Hunger
a - Summon Small Mammal   Summ           ####         0%          1    N/A
b - Call Imp              Summ           ######..     0%          2    N/A
c - Call Canine Familiar  Summ           ######..     1%          3    N/A
d - Summon Ice Beast      Ice/Summ       ######..     1%          4    N/A
e - Summon Lightning Spi  Summ/Air       ######..     1%          4    N/A
f - Summon Mana Viper     Hex/Summ       ######..     2%          5    N/A
g - Summon Hydra          Summ           ######....   9%          7    N/A

Your spell library contained the following spells:

 Spells                   Type           Power        Failure   Level  Hunger
 Summon Butterflies       Summ           ######..     0%          1    N/A
 Confusing Touch          Hex            #####.       1%          1    N/A
 Corona                   Hex            #####..      1%          1    N/A
 Ensorcelled Hibernation  Hex/Ice        #####.       1%          2    N/A
 Slow                     Hex            #####...     1%          2    N/A
 Confuse                  Hex            #####...     1%          3    N/A
 Summon Guardian Golem    Hex/Summ       ######..     1%          3    N/A
 Tukima's Dance           Hex            #####...     1%          3    N/A
 Poisonous Vapours        Pois/Air       ###...       4%          2    N/A
 Swiftness                Chrm/Air       ###.....     4%          2    N/A
 Dazzling Spray           Conj/Hex       ####..       6%          3    N/A
 Portal Projectile        Hex/Tloc       ####..       6%          3    N/A
 Animate Skeleton         Necr           N/A          7%          1    N/A
 Apportation              Tloc           ##....       7%          1    N/A
 Magic Dart               Conj           ##..         7%          1    N/A
 Sting                    Conj/Pois      ##..         7%          1    N/A
 Blink                    Tloc           N/A          11%         2    N/A
 Passwall                 Tmut/Erth      ##......     11%         2    N/A
 Sticks to Snakes         Tmut           ##......     11%         2    N/A
 Mephitic Cloud           Conj/Pois/Air  ###.....     12%         3    N/A
 Conjure Flame            Conj/Fire      ##......     22%         3    N/A
 Gell's Gravitas          Tloc           ##........   22%         3    N/A
 Lesser Beckoning         Tloc           ##........   22%         3    N/A
 Metabolic Englaciation   Hex/Ice        #####.....   24%         5    N/A
 Force Lance              Conj/Tloc      ##......     56%         4    N/A
 Olgreb's Toxic Radiance  Pois           ##......     56%         4    N/A
 Passage of Golubria      Tloc           N/A          56%         4    N/A
 Darkness                 Hex            #####.....   65%         6    N/A
 Invisibility             Hex            #####...     65%         6    N/A
 Alistair's Intoxication  Tmut/Pois      ##......     89%         5    N/A
 Lee's Rapid Deconstruct  Erth           ##........   89%         5    N/A
 Venom Bolt               Conj/Pois      ##........   89%         5    N/A
 Ozocubu's Refrigeration  Ice            ####......   91%         6    N/A
 Freezing Cloud           Conj/Ice/Air   ###.......   98%         6    N/A
 Bolt of Cold             Conj/Ice       ###.......   99%         6    N/A
 Simulacrum               Ice/Necr       ####......   99%         6    N/A
 Dispersal                Tloc           ##........   100%        6    N/A
 Controlled Blink         Tloc           N/A          100%        8    N/A
 Disjunction              Tloc           ##........   100%        8    N/A
 Beastly Appendage        Tmut           Unusable     N/A         1    N/A
 Spider Form              Tmut/Pois      Unusable     N/A         3    N/A
 Ice Form                 Ice/Tmut       Unusable     N/A         4    N/A
 Blade Hands              Tmut           Unusable     N/A         5    N/A

Dungeon Overview and Level Annotations

Branches:
Dungeon (15/15)            Temple (0/1) D:7            Lair (6/6) D:11
  Swamp (4/4) Lair:3        Snake (4/4) Lair:4        Slime (0/5) Lair:5
    Orc (2/2) D:11            Elf (0/3) Orc:2        Vaults (2/5) D:14
 Depths (0/5) D:15
  Crypt: Vaults:2-3

Altars:
Ashenzari
Dithmenos
Fedhas
Gozag
Hepliaklqana
Makhleb
Okawaru
Qazlal
Ru
Uskayaw
Wu Jian
Zin
The Shining One
Beogh
Jiyva

Shops:
D:7 :   D:10 [   Orc:2 [?(!   Lair:1 ([=::   Snake:4 =(

Annotations:
D:9 Erolcha
D:12 2 transporters, WhatIsLove's ghost, journeyman DEFE
D:14 3 runed doors, Mvbhfdvhfcksjkasc's ghost, journeyman SpEn; SpeedVeins's ghost, journeyman MiFi


Innate Abilities, Weirdness & Mutations

You do not eat or drink.
Your flesh is vulnerable to fire.
You are immune to poison.
Your flesh is cold resistant. (rC+)
You are immune to negative energy. (rN+++)
You are immune to unholy pain and torment.
You can survive without breathing.
You are in touch with the powers of death.


Message History

t - Shout!
Orders for allies: a - Attack new target. r - Retreat! s - Stop attacking. g - Guard the area. f - Follow me.
Anything else - Cancel.
Gang up on whom?
Press: ? - help, Dir - move target cursor, f - sphinx
Aim: a sphinx (moderately wounded) Attack!
The skeletal warrior hits you with a +0 mace.
* * * LOW HITPOINT WARNING * * *
The vault guard hits you with a +0 battleaxe.
* * * LOW HITPOINT WARNING * * *
Your eight-headed hydra bites the sphinx! x3
Your eight-headed hydra bites the sphinx.
Your eight-headed hydra bites the sphinx but does no damage.
Your eight-headed hydra bites the sphinx.
The sphinx is no longer distracted by gold.
Your eight-headed hydra bites the sphinx. x2
The sphinx hits your eight-headed hydra.
The sphinx hits your eight-headed hydra! x2
You block the skeletal warrior's attack.
You hit the sphinx. You freeze the sphinx.
The sphinx is almost dead.
You closely miss the vault guard. You barely miss the skeletal warrior.
Your eight-headed hydra disappears in a puff of smoke!
The sphinx mumbles some strange words.
You suddenly lose the ability to move!
The vault guard becomes distracted by the nearby gold, dreaming of imaginary The skeletal warrior hits you with a +0 mace.
* * * LOW HITPOINT WARNING * * *
The sphinx casts a spell.
The sphinx is healed somewhat.
The vault sentinel becomes distracted by the nearby gold, dreaming of imaginary The vault sentinel shouts!
The vault guard shouts!
The vault guard is no longer distracted by gold.
The sphinx casts a spell.
The sphinx is healed somewhat.
The vault guard hits you with a +0 battleaxe!
* * * LOW HITPOINT WARNING * * *
The skeletal warrior hits you but does no damage.
The vault sentinel is no longer distracted by gold.
The sphinx hits you!
* * * LOW HITPOINT WARNING * * *
The sphinx hits you but does no damage. The sphinx barely misses you.
The skeletal warrior hits you with a +0 mace.
* * * LOW HITPOINT WARNING * * *
The vault guard hits you with a +0 battleaxe!!
You die...
Your body crumbles into a pile of gold.

...........#....####
...........#.##.#..#
#########..#.##.#..#
#..#....#+###
#..###+#....# #.##.#
+.##.# #....#
##@##### #pzH...#
#.p§...#.# $
#.$$...+.# #......#
#......# #......#.
#......#. #......#


You could see a sphinx, a vault guard, a skeletal warrior and a vault sentinel.

Vanquished Creatures
  the Lernaean hydra (Swamp:4)
  Vashnia (Snake:2)
  Kirke (Snake:4)
  A vault warden (Vaults:2)
  2 nagarajas
  2 ironheart preservers
  A dire elephant (Lair:6)
  An ettin (Orc:1)
  4 hydras
  A vault guard (D:14)
  A ghost crab (Swamp:1)
  5 anacondas
  7 alligators
  6 centaur warriors
  4 naga warriors
  A deep troll shaman (Vaults:1)
  6 two-headed ogres
  2 shock serpents
  3 naga sharpshooters (Snake:2)
  A deep elf knight (Vaults:1)
  7 skeletal warriors
  2 spriggan druids (Swamp:3)
  An unseen horror (D:11)
  5 sea snakes
  8 swamp dragons
  A glowing orange brain (Vaults:1)
  2 deep trolls (Vaults:1)
  A phantasmal warrior (D:15)
  2 harpies (Vaults:1)
  3 deep elf magi
  2 necromancers
  A cyclops (Orc:2)
  An orc sorcerer (Orc:2)
  8 ugly things
  A manticore (D:13)
  2 elephants
  A salamander (Snake:1)
  A vault sentinel (Vaults:1)
  3 naga magi
  12 black mambas
  4 spiny frogs
  A gargoyle (D:15)
  A centaur skeleton (D:13)
  6 yaktaurs
  5 trolls
  A polar bear (Lair:6)
  A meliai (D:14)
  4 tyrant leeches
  16 slime creatures
  A meliai zombie (D:15)
  2 hippogriffs
  A shadow (Swamp:2)
  4 yaks
  A basilisk (D:15)
  A hungry ghost (D:7)
  Eustachio (D:6)
  11 vampire mosquitoes
  5 wargs
  11 nagas
  A soldier ant (D:12)
  10 swamp worms
  A water moccasin (Lair:6)
  A porcupine (Lair:1)
  13 orc warriors
  4 swamp drakes
  A sky beast (D:15)
  An eye of draining (D:15)
  A boggart (Lair:5)
  2 necrophages
  7 wolves
  11 centaurs
  9 ogres
  2 crocodiles (Lair:5)
  A big kobold (D:10)
  5 bullfrogs
  A gnoll sergeant (D:13)
  A scorpion (D:11)
  A killer bee (D:13)
  2 wights
  3 electric eels (Snake:2)
  A quasit (D:12)
  5 crimson imps
  A bullfrog zombie (D:13)
  14 orc priests
  4 hounds
  3 bullfrog skeletons
  15 orc wizards
  4 iguanas
  8 worker ants
  7 gnolls
  A howler monkey skeleton (D:9)
  6 adders
  3 shadow imps
  2 oozes (D:4)
  4 adder zombies
  2 adder skeletons
  A dart slug (D:1)
  4 leopard geckos
  50 orcs
  7 bats
  4 giant cockroaches
  4 quokkas
  A ball python (D:4)
  2 frilled lizards (D:3)
  3 goblins
  A jackal skeleton (D:7)
  3 kobolds
  A rat (D:1)
  A fungus (Lair:6)
  2 plants
434 creatures vanquished.

Vanquished Creatures (collateral kills)
  Nikola (Swamp:3)
  A thorn hunter (Swamp:2)
  7 nagarajas
  8 vault wardens
  5 ironheart preservers (Vaults:1)
  A very ugly thing (Swamp:4)
  A stone giant (Vaults:2)
  A deep elf death mage (Vaults:1)
  3 great orbs of eyes
  A yaktaur captain (Vaults:1)
  A rakshasa (Vaults:1)
  37 hydras
  6 vault guards
  A catoblepas (Lair:6)
  2 ghost crabs (Swamp:3)
  4 naga warriors
  3 centaur warriors
  9 anacondas
  6 alligators
  9 death yaks
  5 ogre magi
  10 two-headed ogres
  A deep troll shaman (Lair:6)
  An orc high priest (Orc:2)
  4 shock serpents
  6 naga sharpshooters
  A deep elf knight (Vaults:1)
  A shadow wraith (D:14)
  3 salamander mystics
  4 skeletal warriors
  3 deep elf archers (Vaults:1)
  4 unseen horrors
  9 sea snakes
  An unseen horror (shapeshifter) (D:14)
  4 wizards
  9 swamp dragons
  3 naga ritualists
  3 ironbrand convokers
  Pikel (D:8)
  5 harpies (Vaults:1)
  12 mana vipers
  6 orc knights
  A stone giant zombie (D:15)
  2 lindwurms (Lair:5)
  A wolf spider zombie (D:15)
  A shining eye (Snake:3)
  5 cyclopes
  3 orc sorcerers (Orc:2)
  A wolf spider (D:14)
  13 salamanders
  An oklob plant (Lair:4)
  21 slime creatures
  16 ugly things
  8 elephants
  4 deep elf magi
  8 guardian serpents
  23 black mambas
  An iron dragon skeleton (D:15)
  4 vault sentinels
  14 naga magi
  3 centaur zombies
  9 spiny frogs
  2 rime drakes
  A kobold demonologist (D:14)
  A komodo dragon (shapeshifter) (D:14)
  4 komodo dragons
  5 yaktaurs
  5 trolls
  2 meliai (D:14)
  3 polar bears (Lair:4)
  4 hornets
  7 tyrant leeches
  4 blink frogs
  An ettin zombie (D:15)
  8 hippogriffs
  A blink frog (shapeshifter) (Vaults:1)
  6 bog bodies
  An ice dragon zombie (D:15)
  23 yaks
  3 spriggans (Swamp:3)
  3 wyverns
  A vampire (D:11)
  A water elemental (D:15)
  2 shadows
  A basilisk (shapeshifter) (Vaults:1)
  2 hogs (Snake:4)
  2 basilisks
  10 vampire mosquitoes
  4 wargs
  7 swamp worms
  Menkaure (D:6)
  36 nagas
  4 hungry ghosts
  An acid dragon (Vaults:2)
  7 porcupines
  12 water moccasins
  15 orc warriors
  A phantom (D:4)
  14 swamp drakes
  5 sky beasts
  2 slaves (D:8)
  3 ice beasts
  14 ogres
  2 black bears
  3 boggarts
  6 centaurs
  12 wolves
  A big kobold (D:4)
  6 crocodiles
  9 bullfrogs
  A scorpion (D:7)
  4 killer bees (D:13)
  An electric eel (D:15)
  10 wights
  3 howler monkeys (D:12)
  6 crimson imps
  A jelly (D:5)
  4 hounds
  A bullfrog zombie (D:8)
  14 orc priests
  A bullfrog skeleton (D:7)
  An iguana (D:4)
  3 centaur skeletons
  Natasha (thrice) (D:2)
  21 orc wizards
  6 worker ants
  2 hound zombies
  2 hound skeletons
  4 gnolls
  2 adders
  A shadow imp (D:15)
  An ooze (D:4)
  An adder skeleton (D:4)
  An adder zombie (D:5)
  A worm (D:5)
  2 dart slugs
  2 leopard geckos
  41 orcs
  A ball python (shapeshifter) (D:15)
  A giant cockroach (D:2)
  6 goblins
  5 hobgoblins
  4 jackals (D:3)
  17 kobolds
  A quokka (D:7)
  A bat (D:2)
  A leopard gecko zombie (D:6)
  4 rats
  2 fungi
  A plant (D:11)
794 creatures vanquished.

Vanquished Creatures (others)
  A cyclops (Vaults:1)
  A yaktaur (Vaults:1)
  A blink frog (Swamp:3)
  5 humans (Snake:4)
  A centaur (D:15)
  An adder skeleton (D:5)
  4 fungi
  39 plants
  15 withered plants
68 creatures vanquished.

Grand Total: 1296 creatures vanquished

Notes
Turn   | Place    | Note
-------+----------+-------------------------------------------
     0 | D:1      | Flugkiller the Mummy Summoner began the quest for the Orb.
     0 | D:1      | Reached XP level 1. HP: 13/13 MP: 4/4
   318 | D:1      | Reached XP level 2. HP: 19/19 MP: 6/6
   940 | D:2      | Noticed Natasha
  1054 | D:2      | Learned a level 2 spell: Call Imp
  1274 | D:2      | Killed Natasha
  1274 | D:2      | Reached skill level 4 in Summonings
  1274 | D:2      | Reached XP level 3. HP: 24/24 MP: 3/7
  1350 | D:2      | Noticed a sky beast
  1350 | D:2      | Noticed Natasha
  1704 | D:2      | Killed Natasha
  1731 | D:2      | Noticed Natasha
  2261 | D:2      | Learned a level 3 spell: Call Canine Familiar
  2337 | D:2      | Found a stormy altar of Qazlal.
  2340 | D:2      | Found a hazy altar of Hepliaklqana.
  2344 | D:2      | Found an opulent altar of Gozag.
  2346 | D:2      | Found a glowing golden altar of the Shining One.
  2347 | D:2      | Found an iron altar of Okawaru.
  2352 | D:2      | Became a worshipper of Gozag Ym Sagoz the Greedy
  2528 | D:2      | Killed a sky beast
  2528 | D:2      | Reached XP level 4. HP: 30/30 MP: 8/8
  2565 | D:2      | Killed Natasha
  2791 | D:3      | Reached skill level 5 in Summonings
  3962 | D:3      | Reached XP level 5. HP: 35/35 MP: 0/9
  4436 | D:4      | Noticed a phantom
  4506 | D:4      | Killed a phantom
  4817 | D:4      | Reached skill level 6 in Summonings
  4909 | D:4      | Reached XP level 6. HP: 31/41 MP: 5/10
  5032 | D:4      | Found a shadowy altar of Dithmenos.
  5176 | D:4      | Found a blossoming altar of Fedhas.
  5589 | D:4      | Noticed a sky beast
  5703 | D:4      | Killed a sky beast
  6068 | D:5      | Entered Level 5 of the Dungeon
  6096 | D:4      | Learned a level 4 spell: Summon Lightning Spire
  6350 | D:5      | Reached XP level 7. HP: 46/46 MP: 4/11
  6363 | D:5      | Reached skill level 7 in Summonings
  6397 | D:5      | Got a dazzling war axe
  6468 | D:5      | Reached skill level 1 in Air Magic
  7504 | D:5      | Identified the +5 war axe of Udghargh {freeze, rPois rF+}
                  | (You found it on level 5 of the Dungeon)
  8031 | D:6      | Noticed Menkaure
  8044 | D:6      | Killed Menkaure
  8132 | D:6      | Noticed Eustachio
  8136 | D:6      | Reached XP level 8. HP: 41/52 MP: 6/12
  8138 | D:6      | Killed Eustachio
  8354 | D:7      | Reached skill level 8 in Summonings
  8966 | D:7      | Found Xiwn's Book Shop.
  9154 | D:7      | Reached skill level 9 in Summonings
  9567 | D:7      | Reached XP level 9. HP: 45/57 MP: 6/13
  9643 | D:7      | Found a staircase to the Ecumenical Temple.
  9709 | D:7      | Learned a level 4 spell: Summon Ice Beast
 10187 | D:8      | Found a sacrificial altar of Ru.
 10349 | D:8      | Noticed Pikel
 10396 | D:8      | Killed Pikel
 10396 | D:8      | Reached skill level 1 in Fighting
 10396 | D:8      | Reached skill level 1 in Shields
 10396 | D:8      | Reached skill level 1 in Ice Magic
 10812 | D:9      | Noticed a troll
 10840 | D:9      | Killed a troll
 11603 | D:9      | Found a stormy altar of Qazlal.
 11748 | D:9      | Noticed Erolcha
 11953 | D:9      | Found a burning altar of Makhleb.
 11955 | D:9      | Found an ornate altar of the Wu Jian Council.
 12221 | D:10     | Entered Level 10 of the Dungeon
 12275 | D:10     | Noticed a troll
 12283 | D:10     | Killed a troll
 12345 | D:10     | Found Lomidil's Armour Boutique.
 12459 | D:10     | Reached skill level 10 in Summonings
 12817 | D:10     | Reached XP level 10. HP: 46/71 MP: 6/14
 12853 | D:9      | Found a glowing silver altar of Zin.
 12853 | D:9      | Found a hide-covered altar of Uskayaw.
 13000 | D:9      | Found a shattered altar of Ashenzari.
 13091 | D:10     | Killed an unseen horror
 13716 | D:10     | Noticed a two-headed ogre
 13733 | D:10     | Killed a two-headed ogre
 13965 | D:11     | Reached skill level 5 in Fighting
 14177 | D:11     | Found a staircase to the Lair.
 14184 | D:11     | Killed an unseen horror
 14509 | D:11     | Killed an unseen horror
 14974 | D:11     | Found a staircase to the Orcish Mines.
 15471 | D:11     | Reached skill level 5 in Dodging
 15484 | Lair:1   | Entered Level 1 of the Lair of Beasts
 15484 | Lair:1   | Noticed a spiny frog
 15491 | D:11     | Killed a spiny frog
 16951 | Lair:2   | Reached XP level 11. HP: 61/81 MP: 12/15
 17212 | Lair:2   | Reached skill level 1 in Evocations
 18138 | Lair:3   | Noticed a five-headed hydra
 18596 | Lair:3   | Found a staircase to the Swamp.
 18951 | Lair:3   | Killed a five-headed hydra
 19508 | Lair:4   | Noticed an oklob plant
 19522 | Lair:4   | Killed an oklob plant
 19829 | Lair:4   | Found a staircase to the Snake Pit.
 20494 | Lair:4   | Reached skill level 5 in Evocations
 20763 | Lair:4   | Reached skill level 1 in Armour
 22903 | Lair:5   | Reached XP level 12. HP: 91/91 MP: 18/18
 22987 | Lair:5   | Found a viscous altar of Jiyva.
 22988 | Lair:5   | Found a staircase to the Slime Pits.
 23997 | Lair:6   | Entered Level 6 of the Lair of Beasts
 23997 | Lair:6   | Noticed a four-headed hydra
 24007 | Lair:6   | Killed a four-headed hydra
 24260 | Lair:6   | Noticed a death yak
 24264 | Lair:6   | Noticed a death yak
 24268 | Lair:6   | Reached skill level 1 in Axes
 24274 | Lair:6   | Noticed a death yak
 24276 | Lair:6   | Noticed a death yak
 24276 | Lair:6   | Noticed a death yak
 24278 | Lair:6   | Killed a death yak
 24300 | Lair:6   | Noticed a death yak
 24333 | Lair:5   | Killed a death yak
 24588 | Lair:5   | Killed a death yak
 24588 | Lair:5   | Reached skill level 5 in Spellcasting
 24973 | Lair:5   | Killed a death yak
 25198 | Lair:6   | Killed a death yak
 25209 | Lair:6   | Killed a death yak
 25331 | Lair:6   | Reached skill level 5 in Axes
 25373 | Lair:6   | Noticed a seven-headed hydra
 26099 | Lair:6   | Noticed an eight-headed hydra
 26108 | Lair:6   | Killed an eight-headed hydra
 26758 | Lair:6   | Killed a seven-headed hydra
 26880 | Lair:6   | Noticed a catoblepas
 26880 | Lair:6   | Noticed a death yak
 26934 | Lair:6   | Killed a catoblepas
 27203 | Lair:6   | Noticed a death yak
 27549 | Lair:6   | Killed a death yak
 27561 | Lair:6   | Killed a death yak
 27649 | Lair:6   | Noticed a death yak
 27666 | Lair:6   | Killed a death yak
 27754 | Lair:6   | Noticed a dire elephant
 27755 | Lair:6   | Noticed a deep troll shaman
 27805 | Lair:6   | Killed a dire elephant
 27809 | Lair:6   | Killed a deep troll shaman
 28274 | Lair:1   | Bought the ring "Qoawouv" {+Blink EV+6 Str+2} for 1346 gold
                  | pieces
 28385 | D:12     | Found a roughly hewn altar of Beogh.
 28532 | D:12     | Found a transporter.
 28536 | D:12     | Found a transporter.
 28537 | D:12     | Noticed WhatIsLove's ghost (journeyman DEFE)
 29036 | D:12     | Found an ornate altar of the Wu Jian Council.
 29066 | D:12     | Gained mutation: You are in touch with the powers of death.
                  | [Mummy growth]
 29066 | D:12     | Reached XP level 13. HP: 91/99 MP: 22/22
 29879 | D:12     | Found a roughly hewn altar of Beogh.
 29945 | D:12     | Found an ornate altar of the Wu Jian Council.
 30019 | D:12     | Found a transporter.
 30022 | D:12     | Found a transporter.
 31105 | D:13     | Got a scorched war axe
 31122 | D:13     | Identified the cursed +3 war axe of Equilibrium {chop,
                  | rElec} (You found it on level 13 of the Dungeon)
 31334 | D:13     | Got a slimy buckler
 31370 | D:13     | Reached skill level 10 in Axes
 32248 | D:14     | Reached skill level 10 in Fighting
 33770 | D:14     | Found a runed gate.
 33771 | D:14     | Found a runed gate.
 33772 | D:14     | Found a runed gate.
 33772 | D:14     | Noticed SpeedVeins's ghost (journeyman MiFi)
 33772 | D:14     | Noticed Mvbhfdvhfcksjkasc's ghost (journeyman SpEn)
 34081 | D:14     | Found a gate to the Vaults.
 34312 | D:15     | Entered Level 15 of the Dungeon
 35260 | D:15     | Reached XP level 14. HP: 81/110 MP: 13/23
 35750 | D:15     | Reached skill level 11 in Summonings
 36363 | D:15     | Found a staircase to the Depths.
 36925 | Orc:1    | Entered Level 1 of the Orcish Mines
 37235 | Orc:2    | Entered Level 2 of the Orcish Mines
 37373 | Orc:2    | Found a staircase to the Elven Halls.
 37610 | Orc:2    | Reached skill level 12 in Summonings
 37643 | Orc:2    | Paralysed by an orc sorcerer for 7 turns
 38656 | Orc:2    | Found Syvvayra's Distillery.
 38657 | Orc:2    | Found Geisuw Pogu's Antique Weapon Shoppe.
 38658 | Orc:2    | Found Egyn's Antique Armour Emporium.
 38669 | Orc:2    | Found Jineizuk's Magic Scroll Emporium.
 39433 | Orc:2    | Bought a scroll of fear for 63 gold pieces
 39433 | Orc:2    | Bought a scroll of blinking for 135 gold pieces
 39433 | Orc:2    | Bought a scroll of teleportation for 54 gold pieces
 39436 | Orc:2    | Bought a heavily runed helmet for 209 gold pieces
 39439 | Orc:2    | Bought a scroll of identify for 36 gold pieces
 39439 | Orc:2    | Bought a scroll of identify for 36 gold pieces
 39439 | Orc:2    | Identified the cursed +0 helmet of Ifoddan {Dex+2} (You
                  | bought it in a shop on level 2 of the Orcish Mines)
 39440 | Orc:2    | Identified the +0 buckler of Mibobb Imuic {rF+} (You found
                  | it on level 13 of the Dungeon)
 39523 | Lair:1   | Bought a book of Beasts for 880 gold pieces
 39529 | Lair:1   | Learned a level 5 spell: Summon Mana Viper
 39629 | Swamp:1  | Entered Level 1 of the Swamp
 39647 | Swamp:1  | Reached skill level 1 in Hexes
 40229 | Swamp:1  | Got an ominously black robe
 41527 | Swamp:1  | Reached skill level 5 in Hexes
 42014 | Swamp:2  | Identified the +0 robe of Claustrophobia {rC+ rN++ Str-3}
                  | (You found it on level 1 of the Swamp)
 42030 | Swamp:2  | Noticed a thorn hunter
 42041 | Swamp:2  | Killed a thorn hunter
 43246 | Swamp:2  | Reached skill level 5 in Armour
 43386 | Swamp:2  | Reached XP level 15. HP: 54/117 MP: 11/24
 44939 | Swamp:3  | Noticed Nikola
 45174 | Swamp:3  | Got an ivory war axe
 45175 | Swamp:3  | Identified the cursed +1 war axe "Doasun" {venom, Int+3}
                  | (You found it on level 3 of the Swamp)
 46041 | Swamp:3  | Killed Nikola
 46742 | Swamp:4  | Entered Level 4 of the Swamp
 47260 | Swamp:4  | Noticed the 27-headed Lernaean hydra
 47267 | Swamp:4  | Killed the 27-headed Lernaean hydra
 48505 | Swamp:4  | Learned a level 7 spell: Summon Hydra
 49278 | Swamp:4  | Reached skill level 13 in Summonings
 49344 | Swamp:4  | Got a decaying rune of Zot
 50102 | Snake:1  | Entered Level 1 of the Snake Pit
 51903 | Snake:2  | You fall through a shaft!
 52083 | Snake:2  | Noticed Vashnia
 52323 | Snake:2  | Killed Vashnia
 52323 | Snake:2  | Reached XP level 16. HP: 93/128 MP: 2/27
 54457 | Snake:3  | Reached skill level 14 in Summonings
 56891 | Snake:4  | Entered Level 4 of the Snake Pit
 57059 | Snake:4  | Found Guxeirph's Weapon Boutique.
 57064 | Snake:4  | Found Lociaquko's Jewellery Shop.
 57167 | Snake:4  | Noticed Kirke
 57193 | Snake:4  | Killed Kirke
 57461 | Snake:4  | Reached skill level 15 in Summonings
 61199 | Snake:4  | Reached XP level 17. HP: 134/134 MP: 7/29
 61426 | Snake:4  | Reached skill level 16 in Summonings
 61434 | Snake:4  | Got a serpentine rune of Zot
 61818 | Lair:1   | Bought +0 ice dragon scales for 780 gold pieces
 61818 | Lair:1   | Bought the +2 cloak of the Thief {+Fog Slay-2 SInv Stlth+}
                  | for 261 gold pieces
 61818 | Lair:1   | Found the +2 cloak of the Thief {+Fog Slay-2 SInv Stlth+}
 61841 | Lair:1   | Bought the amulet of Xom's Sleight of Hands {Inacc rF++}
                  | for 294 gold pieces
 61989 | Vaults:1 | Entered Level 1 of the Vaults
 65500 | Vaults:1 | Reached skill level 10 in Dodging
 67737 | Vaults:2 | Paralysed by a sphinx for 4 turns
 67740 | Vaults:2 | Demolished by a vault guard

Vault maps used:
D:1:      sevenhm_arrival_forest_fort_small_4
D:2:      minitemple, minmay_hexomino_f4, uniq_natasha
D:3:      first_ration
D:4:      minmay_octagon_keep, nicolae_dithmenos_shadow_blocks, fedhas_altar_3
D:6:      uniq_menkaure, uniq_eustachio
D:7:      minmay_temple_entry_fiery, serial_undead, serial_undead_b,
          serial_undead_c, serial_undead_b, serial_undead_b, serial_undead_d,
          serial_undead_e, serial_shops, shop
D:8:      lemuel_coloured_pillars_altar, uniq_pikel
D:9:      nicolae_overflow_hidden_temple, grunt_ogre_cave,
          minmay_misc_feat_doors, skrybe_limestone_x,
          nicolae_qazlal_eye_of_the_storm, uniq_erolcha
D:10:     serial_shops, shop_statue
D:11:     david_lair_shrubbed, orc_0_dummy
D:12:     gammafunk_ghost_hive, special_room, basic_altar
D:14:     david_vaults_4, gammafunk_ghost_cemetery, nooodl_orcs_dogs
D:15:     gammafunk_depths_entry_grave, serial_bayou_lagoon_a
Lair:2:   beast_lair_carwin_7
Lair:3:   minmay_swamp_entry_swarm, patterned_corridor
Lair:4:   minmay_snake_entry_guardpost_medium
Lair:5:   cheibrodos_lair_overgrown_chateau, slime_altar_1, minivault_25,
          kilobyte_rumbling_trees
Lair:6:   grunt_lair_end_beastmaster
Swamp:1:  hangedman_swamp_cone, swamp_pool1, infiniplex_staircase_pool
Swamp:2:  evilmike_swamp_ruin_house_2, swamp_pool3, st_swamp_ruins_4
Swamp:3:  serial_swamp_ruin, evilmike_swamp_ruin_house_1,
          evilmike_swamp_ruin_rubble_1, swamp_pool3, uniq_nikola
Swamp:4:  swamp_old_school
Snake:2:  nicolae_snake_serpentine_hallways, st_stairs_12, serial_bayou_shore_a,
          uniq_vashnia
Snake:3:  basic_stair_grate_trap, grunt_megastairs_1
Snake:4:  grunt_snake_rune_pools, minmay_shoptagon, uniq_kirke
Orc:2:    st_orc_mages
Vaults:1: vaults_room_door_hall, nicolae_vaults_meeting,
          hangedman_vaults_unwind, hangedman_vaults_stitches,
          ontoclasm_vaults_misaligned, v_alt_pattern_2,
          grunt_vaults_hallway_long, vaults_room_pools, v_rooms_1,
          grunt_vaults_funnel, ontoclasm_vaults_gateway
Vaults:2: nicolae_vaults_yaktaur_gun_rack, hangedman_vaults_maws, v_misc_30,
          ontoclasm_vaults_hangar, grunt_vaults_hallway_long,
          nicolae_vaults_triangles, nicolae_vaults_twisting_passages,
          nicolae_vaults_alarming, nicolae_vaults_little_squares_4,
          vaults_room_hallway, ontoclasm_vaults_twist, v_misc_8,
          portal_desolation_entry_nicolae_slug, serial_shops, shop, shop

Skill      XL: |  1  2  3  4  5  6  7  8  9 10 11 12 13 14 15 16 17 |
---------------+----------------------------------------------------+-----
Spellcasting   | 3 4 6 7 8 |  8.0
Summonings     | 4 5 6 7 9 10 12 13 15 16 | 16.0
Air Magic      | 2 4 |  4.0
Fighting       | 4 6 7 8 10 12 13 | 13.6
Shields        | 3 4 |  4.0
Ice Magic      | 3 4 |  4.0
Dodging        | 5 7 8 9 10 | 10.4
Evocations     | 5 |  5.0
Armour         | 4 5 6 8 |  8.2
Axes           | 8 12 | 12.0
Hexes          | 6 |  6.1
Stealth        | |  1.5

Action                   |  1- 3 |  4- 6 |  7- 9 | 10-12 | 13-15 | 16-18 || total
-------------------------+-------+-------+-------+-------+-------+-------++-------
Melee: Dagger            |    40 |    23 |       |       |       |       ||    63
       Club              |     5 |       |       |       |       |       ||     5
       Short sword       |       |    80 |    26 |       |       |       ||   106
       War axe           |       |       |   182 |   302 |   977 |   559 ||  2020
       Staff             |       |       |       |    26 |     2 |       ||    28
 Cast: Summon Small Mamm |    28 |       |       |       |       |       ||    28
       Call Imp          |    25 |    26 |     5 |       |       |       ||    56
       Call Canine Famil |     1 |    26 |    21 |     6 |    26 |       ||    80
       Summon Lightning  |       |       |    29 |    82 |   145 |    22 ||   278
       Summon Ice Beast  |       |       |     8 |   179 |   140 |     2 ||   329
       Summon Mana Viper |       |       |       |       |   140 |   164 ||   304
       Summon Hydra      |       |       |       |       |       |   103 ||   103
Invok: Potion Petition   |       |       |     1 |     3 |     4 |       ||     8
       Call Merchant     |       |       |       |     1 |     2 |     2 ||     5
Evoke: Wand              |       |       |       |     9 |    19 |    15 ||    43
       Phial of floods   |       |       |       |       |     1 |     1 ||     2
  Use: Scroll            |     1 |     5 |     6 |    10 |    18 |     4 ||    44
 Stab: Sleeping          |     2 |     4 |     3 |     1 |     1 |       ||    11
       Distracted        |     1 |       |       |    11 |    22 |    25 ||    59
       Paralysed         |       |       |       |     4 |       |       ||     4
Armor: Robe              |    14 |    21 |    48 |    38 |       |       ||   121
       Leather armour    |       |       |       |    19 |   134 |    69 ||   222
Dodge: Dodged            |    36 |    75 |   147 |   312 |   832 |   494 ||  1896
Block: Buckler           |       |       |    23 |   193 |   641 |   415 ||  1272
       Reflection        |       |       |       |       |    47 |    48 ||    95

Table legend:
 A = Non-vault XP
 B = Vault XP
 C = Vault XP percentage of total XP
 D = Non-vault monster count
 E = Vault monster count
 F = Vault count percentage of total count
                 A         B        C        D         E       F
            +---------+---------+-------+---------+---------+-------
      Total |  187077 |   92860 |  33.2 |     912 |     312 |  25.5
            +---------+---------+-------+---------+---------+-------
        D:1 |      22 |       0 |   0.0 |      16 |       0 |   0.0
        D:2 |     118 |      23 |  16.3 |      17 |       5 |  22.7
        D:3 |      72 |       0 |   0.0 |      26 |       0 |   0.0
        D:4 |     334 |      80 |  19.3 |      13 |       6 |  31.6
        D:5 |     393 |       0 |   0.0 |      18 |       0 |   0.0
        D:6 |     339 |     231 |  40.5 |      15 |       2 |  11.8
        D:7 |     995 |     193 |  16.2 |      26 |       4 |  13.3
        D:8 |     356 |     309 |  46.5 |      18 |       1 |   5.3
        D:9 |     721 |      80 |  10.0 |      29 |       1 |   3.3
       D:10 |    3156 |       0 |   0.0 |      29 |       0 |   0.0
       D:11 |    3144 |     181 |   5.4 |      26 |       1 |   3.7
       D:12 |    3091 |     371 |  10.7 |      18 |      15 |  45.5
       D:13 |    6546 |       0 |   0.0 |      50 |       0 |   0.0
       D:14 |   12288 |    2709 |  18.1 |      50 |      16 |  24.2
       D:15 |   10479 |    2714 |  20.6 |      45 |       8 |  15.1
     Lair:1 |     709 |       0 |   0.0 |       7 |       0 |   0.0
     Lair:2 |    1117 |     667 |  37.4 |      12 |       6 |  33.3
     Lair:3 |    1382 |     878 |  38.8 |       8 |       8 |  50.0
     Lair:4 |    1968 |    1135 |  36.6 |      13 |      10 |  43.5
     Lair:5 |    5236 |    3181 |  37.8 |      30 |      20 |  40.0
     Lair:6 |    5664 |    4867 |  46.2 |      27 |      17 |  38.6
    Swamp:1 |    9188 |     710 |   7.2 |      28 |       1 |   3.4
    Swamp:2 |   11173 |    4988 |  30.9 |      35 |      12 |  25.5
    Swamp:3 |    9186 |    2982 |  24.5 |      33 |       3 |   8.3
    Swamp:4 |    9618 |   14086 |  59.4 |      26 |      26 |  50.0
    Snake:1 |    6730 |       0 |   0.0 |      19 |       0 |   0.0
    Snake:2 |   11224 |    6329 |  36.1 |      29 |       7 |  19.4
    Snake:3 |   13993 |    3582 |  20.4 |      43 |       9 |  17.3
    Snake:4 |   10741 |   21977 |  67.2 |      33 |      57 |  63.3
      Orc:1 |    1919 |       0 |   0.0 |      17 |       0 |   0.0
      Orc:2 |    2797 |    2942 |  51.3 |      35 |      41 |  53.9
   Vaults:1 |   29007 |   15671 |  35.1 |      92 |      32 |  25.8
   Vaults:2 |   13371 |    1974 |  12.9 |      29 |       4 |  12.1
            +---------+---------+-------+---------+---------+-------
